 Dungeon Crawl Stone Soup version 0.30.1-9-gdf580d7c3d (webtiles) character file.

Game seed: 10814661119370692154

1705689 arthad the Impregnable (level 26, 265/265 HPs)
             Began as an Armataur Fighter on Sept 29, 2023.
             Was the Champion of Okawaru.
             Escaped with the Orb
             ... and 3 runes on Sept 30, 2023!
             The game lasted 03:35:43 (66104 turns).

arthad the Impregnable (Armataur Fighter)          Turns: 66104, Time: 03:35:44

Health: 265/265    AC: 52    Str: 38    XL:     26   Next: 31%
Magic:  36/36      EV: 13    Int: 11    God:    Okawaru [******]
Gold:   7082       SH: 22    Dex: 10    Spells: 32/44 levels left

rFire   + + .        h - +9 eveningstar (freeze)
rCold   + + +        X - +9 kite shield of Vanity {Int+3}
rNeg    + . .        F - +9 gold dragon scales
rPois   +            b - +0 helmet of Disappointment {rC++ Will+ Regen+ Int-5}
rElec   .            m - +1 cloak {Will+}
rCorr   .            D - +2 pair of gloves of Context {Str+5}
SInv    .            t - +1 barding {rF+}
Will    +++..        r - amulet of Ricul {rC+ rN+ Regen+ Int+4} Stlth
                     o - +5 ring of evasion
HPRegen 2.24/turn    E - +4 ring of slaying
MPRegen 0.25/turn

%: roll
@: studying 3 skills
A: large, rugged brown scales 3, deformed body, armoured tail, roll, long
tongue, awkward tongue, mutation resistance 1, MP-powered wands
0: Orb of Zot
}: 3/15 runes: barnacled, slimy, gossamer
a: Renounce Religion, Heroism, Finesse, Duel


You escaped.
You worshipped Okawaru.
Okawaru was exalted by your worship.
You visited 11 branches of the dungeon, and saw 52 of its levels.
You also visited: Sewer, Ice Cave and Volcano.

You collected 8336 gold pieces.
You spent 1254 gold pieces at shops.

Inventory:

Hand Weapons
 a - the +10 dire flail of the Burning Wolf {speed, Int+3 Dex+4}
   (Okawaru gifted it to you on level 12 of the Dungeon)

   Int:       It affects your intelligence (+3).
   Dex:       It affects your dexterity (+4).
 f - the +6 halberd "Irghod" {spect, Drain rElec rN+++ Dex-3}
   (You took it off a deep elf demonologist on level 3 of the Elven Halls)

   Dex:       It affects your dexterity (-3).
   rElec:     It insulates you from electricity.
   rN:        It renders you almost immune to negative energy.
   Drain:     It drains your maximum health when unequipped.
 h - a +9 eveningstar of freezing (weapon)
 B - the +10 war axe of Fadeh {flame, rCorr Dex+4 SInv}
   (Okawaru gifted it to you on level 4 of the Spider Nest)

   Dex:       It affects your dexterity (+4).
   SInv:      It lets you see invisible.
   rCorr:     It protects you from acid and corrosion.
 W - the +8 great mace "Degi" {venom, rElec rC- rN++ SInv}
   (You took it off an ettin on level 13 of the Dungeon)

   rC:        It makes you vulnerable to cold.
   rElec:     It insulates you from electricity.
   rN:        It greatly protects you from negative energy.
   SInv:      It lets you see invisible.
Missiles
 c - 13 poisoned darts (quivered)
 y - 8 atropa-tipped darts
 L - 14 silver javelins
 R - 8 boomerangs of dispersal
 Y - 26 javelins
Armour
 b - the +0 helmet of Disappointment (worn) {rC++ Will+ Regen+ Int-5}
   (You found it on level 3 of the Elven Halls)

   Int:       It affects your intelligence (-5).
   rC:        It greatly protects you from cold.
   Regen:     It increases your rate of health regeneration.
   Will:      It increases your willpower.
 m - a +1 cloak of willpower (worn)
 n - the +2 pair of gloves "Ucarphea" {rPois Dex+5}
   (You took it off Nikola on level 1 of the Depths)

   Dex:       It affects your dexterity (+5).
   rPois:     It protects you from poison.
 t - a +1 barding of fire resistance (worn)
 D - the +2 pair of gloves of Context (worn) {Str+5}
   (Okawaru gifted it to you on level 2 of the Elven Halls)

   Str:       It affects your strength (+5).
 F - +9 gold dragon scales (worn)
 H - a +0 barding of flying
 X - the +9 kite shield of Vanity (worn) {Int+3}
   (Okawaru gifted it to you on level 2 of the Vaults)

   Int:       It affects your intelligence (+3).
Jewellery
 o - a +5 ring of evasion (left hand)
 r - the amulet of Ricul (around neck) {rC+ rN+ Regen+ Int+4}
   (You found it on level 5 of the Lair of Beasts)

   [amulet of regeneration]

   Int:       It affects your intelligence (+4).
   rC:        It protects you from cold.
   rN:        It protects you from negative energy.
   Regen:     It increases your rate of health regeneration.
 z - a +6 ring of strength
 E - a +4 ring of slaying (right hand)
 O - a ring of resist corrosion
 V - a ring of protection from fire
Wands
 g - a wand of quicksilver (35)
 q - a wand of digging (21)
 A - a wand of iceblast (48)
 N - a wand of paralysis (27)
 S - a wand of mindburst (31)
 U - a wand of flame (89)
Scrolls
 u - 11 scrolls of fog
 v - 2 scrolls of silence
 x - 19 scrolls of teleportation
 G - 2 scrolls of enchant weapon
 J - 8 scrolls of immolation
 M - 3 scrolls of fear
 P - 12 scrolls of poison
 T - a scroll of magic mapping
 Z - 11 scrolls of blinking
Potions
 d - 4 potions of might
 e - 3 potions of berserk rage
 i - 2 potions of invisibility
 j - 3 potions of resistance
 l - 11 potions of curing
 p - 7 potions of flight
 s - 2 potions of cancellation
 w - 4 potions of ambrosia
 C - 2 potions of magic
 I - 7 potions of mutation
 K - 2 potions of heal wounds
 Q - 12 potions of haste
Miscellaneous
 k - a phial of floods


   Skills:
 * Level 22.4 Fighting
 * Level 21.3 Maces & Flails
 - Level 10.0 Throwing
 * Level 26.7 Armour
 + Level 12.9 Dodging
 - Level 6.0 Stealth
 * Level 16.0 Shields
 + Level 9.8 Spellcasting
 + Level 9.0 Translocations
 + Level 13.7 Invocations
 - Level 6.0 Evocations


You had 32 spell levels left.
You knew the following spells:

 Your Spells              Type           Power      Damage    Failure   Level
a - Blink                 Tloc           50%        N/A       2%          2
b - Gell's Gravitas       Tloc           25%        N/A       4%          3
c - Teleport Other        Tloc           25%        N/A       4%          3
d - Manifold Assault      Tloc           25%        N/A       16%         4

Your spell library contained the following spells:

 Spells                   Type           Power      Damage    Failure   Level
 Apportation              Tloc           50%        N/A       1%          1
 Passage of Golubria      Tloc           25%        N/A       16%         4
 Portal Projectile        Hex/Tloc       30%        N/A       30%         3
 Volatile Blastmotes      Fire/Tloc      30%        2d12      30%         3
 Freeze                   Ice            20%        1d4       54%         1
 Necrotise                Necr           20%        1d5       54%         1
 Sandblast                Erth           10%        2d5       54%         1
 Shock                    Conj/Air       20%        1d4       54%         1
 Slow                     Hex            20%        N/A       54%         1
 Sting                    Tmut/Pois      20%        1d4       54%         1
 Cigotuvi's Dreadful Rot  Necr/Pois/Air  10%        N/A       67%         2
 Ensorcelled Hibernation  Hex/Ice        10%        N/A       67%         2
 Passwall                 Tmut/Erth      4%         N/A       67%         2
 Poisonous Vapours        Pois/Air       10%        N/A       67%         2
 Scorch                   Fire           10%        2d5       67%         2
 Searing Ray              Conj           10%        2d4       67%         2
 Sublimation of Blood     Necr           5%         N/A       67%         2
 Iskenderun's Mystic Bla  Conj/Tloc      15%        2d5       69%         4
 Dazzling Flash           Conj/Hex       10%        N/A       88%         3
 Frozen Ramparts          Ice            10%        1d2       88%         3
 Hailstorm                Conj/Ice       5%         3d4       88%         3
 Ignite Poison            Fire/Tmut/Pois 5%         N/A       88%         3
 Inner Flame              Hex/Fire       5%         N/A       88%         3
 Mephitic Cloud           Conj/Pois/Air  5%         N/A       88%         3
 Ozocubu's Armour         Ice            5%         N/A       88%         3
 Spider Form              Tmut/Pois      5%         N/A       88%         3
 Stone Arrow              Conj/Erth      10%        3d7       88%         3
 Swiftness                Air            5%         N/A       88%         3
 Vampiric Draining        Necr           5%         2d6       88%         3
 Dispersal                Tloc           12%        N/A       94%         6
 Anguish                  Hex/Necr       2%         N/A       99%         4
 Cause Fear               Hex            2%         N/A       99%         4
 Dispel Undead            Necr           5%         3d7       99%         4
 Flame Wave               Conj/Fire      5%         2d5       99%         4
 Fulminant Prism          Conj/Hex       2%         3d5       99%         4
 Ice Form                 Ice/Tmut       5%         N/A       99%         4
 Leda's Liquefaction      Hex/Erth       2%         N/A       99%         4
 Olgreb's Toxic Radiance  Pois           5%         N/A       99%         4
 Alistair's Intoxication  Tmut/Pois      3%         N/A       100%        5
 Borgnjor's Vile Clutch   Necr/Erth      2%         N/A       100%        5
 Fireball                 Conj/Fire      2%         3d4       100%        5
 Freezing Cloud           Conj/Ice/Air   2%         6-21      100%        5
 Iskenderun's Battlesphe  Conj           5%         2d6       100%        5
 Lee's Rapid Deconstruct  Erth           2%         3d5*      100%        5
 Metabolic Englaciation   Hex/Ice        2%         N/A       100%        5
 Yara's Violent Unravell  Hex/Tmut       2%         3d3       100%        5
 Conjure Ball Lightning   Conj/Air       2%         3x3d6     100%        6
 Eringya's Noxious Bog    Tmut/Pois      2%         N/A       100%        6
 Iron Shot                Conj/Erth      2%         9d2       100%        6
 Starburst                Conj/Fire      2%         6d3       100%        6
 Dragon Form              Tmut           2%         N/A       100%        7
 Enfeeble                 Hex            2%         N/A       100%        7
 Orb of Destruction       Conj           2%         9d5       100%        7
 Ozocubu's Refrigeration  Ice            2%         4d8       100%        7
 Storm Form               Tmut/Air       2%         N/A       100%        7
 Disjunction              Tloc           12%        N/A       100%        8
 Lehudib's Crystal Spear  Conj/Erth      2%         10d2      100%        8
 Necromutation            Tmut/Necr      2%         N/A       100%        8
 Chain Lightning          Conj/Air       2%         3d3       100%        9
 Death's Door             Necr           2%         N/A       100%        9
 Fire Storm               Conj/Fire      2%         8d1       100%        9
 Polar Vortex             Ice            2%         N/A       100%        9
 Shatter                  Erth           2%         3d6*      100%        9
 Summon Small Mammal      Summ           Unusable   N/A       N/A         1
 Call Canine Familiar     Summ           Unusable   N/A       N/A         3
 Summon Guardian Golem    Hex/Summ       Unusable   N/A       N/A         3
 Tukima's Dance           Hex            Unusable   N/A       N/A         3
 Summon Forest            Summ/Tloc      Unusable   N/A       N/A         5
 Animate Armour           Summ/Erth      Unusable   N/A       N/A         4
 Animate Dead             Necr           Unusable   N/A       N/A         4
 Summon Ice Beast         Ice/Summ       Unusable   N/A       N/A         4
 Summon Mana Viper        Hex/Summ       Unusable   N/A       N/A         5
 Death Channel            Necr           Unusable   N/A       N/A         6
 Simulacrum               Ice/Necr       Unusable   N/A       N/A         6
 Summon Cactus Giant      Summ           Unusable   N/A       N/A         6
 Haunt                    Necr/Summ      Unusable   N/A       N/A         7
 Monstrous Menagerie      Summ           Unusable   N/A       N/A         7
 Spellforged Servitor     Conj/Summ      Unusable   N/A       N/A         7
 Summon Hydra             Summ           Unusable   N/A       N/A         7
 Infestation              Necr           Unusable   N/A       N/A         8
 Dragon's Call            Summ           Unusable   N/A       N/A         9

Dungeon Overview and Level Annotations

Branches:
Dungeon (15/15)            Temple (1/1) D:5            Lair (5/5) D:8
 Shoals (4/4) Lair:2       Spider (4/4) Lair:2        Slime (5/5) Lair:5
    Orc (2/2) D:9             Elf (3/3) Orc:2        Vaults (4/5) D:14
  Crypt (0/3) Vaults:2     Depths (4/4) D:15            Zot (5/5) Depths:4
  Sewer (visited)           IceCv (visited)         Volcano (visited)

Altars:
Ashenzari
Cheibriados
Dithmenos
Elyvilon
Fedhas
Gozag
Hepliaklqana
Kikubaaqudgha
Makhleb
Nemelex Xobeh
Okawaru
Qazlal
Ru
Sif Muna
Trog
Uskayaw
Vehumet
Wu Jian
Xom
Yredelemnul
Zin
The Shining One
Jiyva

Shops:
D:1 [   D:8 *   Orc:1 [   Orc:2 [(*=   Shoals:3 *[   Depths:1 ([[   Depths:2 =

Portals:
Hell: Depths:1 Depths:2 Depths:3 Depths:4
Abyss: Depths:3
Pandemonium: Depths:2
Ziggurat: Depths:4
Trove: Vaults:1 (give +5 demon whip)

Annotations:
Zot:4 4 transporters


Innate Abilities, Weirdness & Mutations

You are completely covered in rugged brown scales. (AC +3, +7% HP)
Armour fits poorly on your strangely shaped body.
You have a long armoured tail.
You roll when moving toward enemies. (Rampage)
Your long tongue fully drains potion bottles. (2x potion effects)
Your tongue gives you trouble enunciating. (1.5x scroll delay)
You are somewhat resistant to further mutation.
You expend magic power (3 MP) to strengthen your wands.


Message History

There is a stone staircase leading down here.
There is a stone staircase leading up here.
You climb upwards.
There is a stone staircase leading down here.
An efreet comes into view.
It is wielding a +0 scimitar of flaming.
The efreet moves out of view.
There is a stone staircase leading up here.
You climb upwards.
There is a stone staircase leading down here.
There is a stone staircase leading up here.
You climb upwards.
There is a stone staircase leading down here.
(D) Dungeon (T) Temple (L) Lair (A) Shoals (N) Spider Nest (M) Slime Pits (O) Orcish Mines (E) Elven Halls (V) Vaults (C) Crypt (U) Depths (H) Hell (Z) Zot
Where to? (Enter - D:1, ? - help)
Okay, then.
You roll towards the quokka!
A blizzard demon comes into view.
You roll towards the quokka!
You pound the quokka like an anvil!!! You freeze the quokka.
You kill the quokka!
You roll towards the blizzard demon!
You beat the blizzard demon like a drum!!!
You freeze the blizzard demon.
You kill the blizzard demon!
Okawaru accepts your kill.
No target in view!
No target in view!
No target in view!
No target in view!
No target in view!
No target in view!
No target in view!
No target in view!
No target in view!
No target in view!
There is a staircase leading out of the dungeon here.
You have escaped!

#.##.##.................##.#.#.#
##.##.#.#......#.#......#.#.#.#.#
......#..#......#......#..#.#.#.#
...##.#...#....#.#....#...#.#.#.#
...#..#....#..#...#..#....#.#.#.#
...>..#.....##.....##.....#.###..
....###.....#.).#...#.....#.#.###
....###..#.#.#.#.....#......#.# #
..........#...#.@...#.#...#.#.# #
....###....#...#...#...#..#.#.# #
...)# #.....#...#.#.#.....#.#.# #
)...# #....#.#...#...#....#.#.###
###.# #...#...#...#...#...#.#....
#.###..#.....#...#...#..#.#####
#..##.#.......#.......#.#......
##.###.................######..
#.###########.#############...


There were no monsters in sight!

Vanquished Creatures
  the Royal Jelly (Arena)
  Dissolution (Slime:3)
  4 dread liches (Zot:5)
  2 orbs of fire (Zot:5)
  5 ancient liches (Zot:5)
  2 Killer Klowns (Zot:5)
  Parghit (Zot:1)
  10 golden dragons
  3 curse toes
  Nikola (Depths:1)
  Arachne (Spider:3)
  the Enchantress (Depths:4)
  A bone dragon (Elf:2)
  A Tzitzimitl (Depths:4)
  The ghost of acky5 the Warrior, an adept OpSu of Gozag (Shoals:4)
  A hellephant (D:9)
  3 electric golems (Zot:5)
  18 tentacled monstrosities
  A walking crystal tome (Depths:3)
  Rupert (Lair:5)
  3 liches
  2 Ice Fiends
  26 Orb Guardians
  3 deep elf blademasters
  A quicksilver dragon (shapeshifter) (Elf:1)
  5 quicksilver dragons
  2 deep elf master archers (Elf:3)
  An Executioner (D:9)
  9 acid blobs (Slime:5)
  A walking divine tome (Depths:3)
  The ghost of turdburglar the Warrior, an adept DsGl of Jiyva (Elf:1)
  11 death cobs
  The ghost of thechecker02 the Blocker, an adept GnFi of Cheibriados (Shoals:3)
  6 shadow dragons
  Kirke (Arena)
  4 sphinxes
  6 storm dragons
  Ilsuiw (Arena)
  5 tengu reavers
  4 azure jellies
  4 draconian monks
  6 rockslimes
  13 fire giants
  7 draconian knights
  12 frost giants
  10 vault wardens
  Donald (Vaults:2)
  5 draconian scorchers
  Aizul (Arena)
  An iron dragon (Depths:3)
  Louise (Shoals:1)
  7 deep elf sorcerers
  The ghost of SirTyronus the Warrior, a journeyman MiBe of Trog (D:13)
  6 emperor scorpions
  7 ghost moths
  15 ironbound preservers
  6 deep elf elementalists
  3 quicksilver oozes
  5 draconian stormcallers
  2 orc warlords
  A caustic shrike skeleton (Elf:2)
  9 draconian shifters
  7 draconian annihilators
  A reaper (Depths:3)
  2 war gargoyles
  4 spriggan defenders
  27 very ugly things
  11 ironbound thunderhulks
  9 green draconians
  4 stone giants
  4 vampire knights
  Nessos (Arena)
  14 black draconians
  12 deep elf demonologists
  4 deep elf annihilators (Elf:3)
  12 red draconians
  Azrael (Elf:2)
  19 dire elephants
  An eidolon (Elf:2)
  11 purple draconians
  4 white draconians
  14 yellow draconians
  7 spark wasps
  2 blizzard demons
  Snorg (Lair:3)
  An iron golem (Depths:1)
  The ghost of Buceliov the Covert, a journeyman DsDe of Gozag (Lair:3)
  6 deep elf death magi (Elf:3)
  5 merfolk javelineers
  5 crystal guardians (Vaults:4)
  A green death (Depths:3)
  11 yaktaur captains
  Josephine (D:13)
  5 ettins
  2 deep elf high priests
  16 fire dragons
  8 merfolk impalers
  13 great orbs of eyes
  4 entropy weavers (Spider:2)
  9 ice dragons
  3 rakshasas
  3 hydras
  A salamander tyrant (Depths:3)
  3 ghost crabs (Elf:2)
  12 vault guards
  A juggernaut simulacrum (Elf:2)
  A hell beast (D:11)
  5 spriggan air magi
  3 merfolk avatars
  2 caustic shrike simulacra (IceCv)
  2 ogre magi
  6 peacekeepers
  A jorogumo (Spider:1)
  4 death knights
  2 alligator snapping turtles
  11 centaur warriors
  11 boulder beetles
  2 satyrs
  5 ironbound frosthearts
  4 merfolk aquamancers
  39 dancing weapons
  3 catoblepae
  5 radroaches
  24 two-headed ogres
  4 deep troll earth magi
  15 death yaks
  5 deep troll shamans
  3 orc high priests
  2 vampire magi
  3 tengu warriors
  Urug (Lair:5)
  4 spriggan berserkers
  16 hell knights
  16 deep elf knights
  A sun demon (D:9)
  A soul eater (Depths:3)
  A titan skeleton (Vaults:3)
  8 skysharks
  11 skeletal warriors
  8 iron trolls
  A shadow wraith (Depths:3)
  8 pharaoh ants
  A golden dragon zombie (Vaults:4)
  14 sea snakes
  A sixfirhy (D:15)
  A death drake (Elf:2)
  41 deep trolls
  A spectral anaconda (Lair:5)
  A storm dragon skeleton (Elf:2)
  2 salamander mystics (Depths:3)
  A goliath frog (Depths:3)
  2 deep trolls (shapeshifter)
  A bog body (IceCv)
  3 spriggan simulacra (IceCv)
  Lodul (D:10)
  13 deep elf archers
  3 obsidian statues
  A steelbarb worm (shapeshifter) (Depths:4)
  6 glowing orange brains
  8 orc knights
  17 ironbound convokers
  16 wizards
  5 lindwurms
  8 orb spiders
  22 harpies
  2 steelbarb worms
  A shadow dragon zombie (Vaults:4)
  42 ugly things
  A stone giant zombie (Vaults:4)
  21 wolf spiders
  35 deep elf pyromancers
  33 deep elf zephyrmancers
  The ghost of lonewolfV2 the Chopper, a novice VSFi (D:6)
  8 necromancers
  3 oklob plants (Lair:2)
  3 shining eyes (Slime:5)
  8 cyclopes
  2 mana vipers (Elf:2)
  An iron dragon skeleton (Vaults:2)
  7 orc sorcerers
  9 salamanders (Depths:3)
  19 fauns
  A manticore (shapeshifter) (Vaults:3)
  19 manticores
  33 moths of wrath
  7 human skeletons
  6 elephants (Lair:5)
  A dire elephant zombie (Lair:5)
  5 torpor snails
  A guardian serpent (shapeshifter) (Vaults:2)
  10 vault sentinels
  4 black mambas
  A fire giant skeleton (Vaults:4)
  2 eyes of devastation
  8 water nymphs
  A gargoyle (D:14)
  2 ice statues (Elf:2)
  7 merfolk sirens
  A stone giant skeleton (Vaults:4)
  11 demonic crawlers
  A storm dragon simulacrum (Elf:2)
  A cane toad (shapeshifter) (D:15)
  2 spectral sea snakes (Shoals:4)
  A titan simulacrum (Elf:2)
  A molten gargoyle (Depths:3)
  Maggie (D:8)
  5 cane toads
  3 unseen horrors
  A dire elephant skeleton (Lair:5)
  3 komodo dragons
  2 kobold demonologists
  An anaconda simulacrum (IceCv)
  A rime drake (Lair:1)
  3 freezing wraiths
  A yaktaur skeleton (Vaults:2)
  14 yaktaurs
  2 efreet
  A spectral water nymph (Shoals:4)
  12 ice devils (IceCv)
  4 tengu conjurers
  A silent spectre (Orc:1)
  A merfolk (shapeshifter) (Depths:1)
  8 trolls
  6 meliai
  7 polar bears
  4 wind drakes
  16 merfolk
  9 hornets
  2 spectral merfolk (Shoals:4)
  25 tarantellas
  17 snapping turtles
  11 dream sheep
  7 blink frogs (Lair:1)
  A spectral elephant (Lair:5)
  9 large abominations (Depths:3)
  A spriggan (shapeshifter) (D:13)
  20 culicivoras
  22 jumping spiders
  A fire giant simulacrum (Vaults:3)
  Sigmund (D:2)
  4 spriggans (Depths:4)
  3 air elementals
  10 wyverns
  A culicivora (shapeshifter) (D:14)
  87 slime creatures
  2 shadows
  6 wraiths
  An ettin skeleton (Vaults:2)
  4 dire elephant simulacra
  A hog (Shoals:1)
  2 basilisks
  9 water elementals
  6 humans
  64 yaks
  7 vampire mosquitoes
  15 golden eyes
  Grum (D:9)
  5 fire elementals
  62 redbacks
  3 fire bats (Depths:3)
  4 steam dragons
  2 chaos spawn (Depths:3)
  6 minotaur simulacra (IceCv)
  5 wargs
  5 harpy simulacra
  14 water moccasins
  2 acid dragons
  2 hell hounds (Elf:2)
  A spectral snapping turtle (Shoals:4)
  A hydra simulacrum (Elf:2)
  4 floating eyes
  4 glowing shapeshifter skeletons
  An ogre skeleton (Vaults:2)
  2 black bears
  2 black mamba simulacra (Elf:2)
  3 ice beasts
  3 alligator simulacra (IceCv)
  34 orc warriors
  3 elephant zombies (Lair:5)
  A fire dragon simulacrum (Elf:2)
  7 small abominations
  8 wolves
  8 ogres
  10 centaurs
  2 phantoms
  8 kobold brigands
  Blork the orc (D:4)
  5 earth elementals
  2 gnoll sergeants
  7 scorpions
  18 bullfrogs
  A cane toad simulacrum (Lair:5)
  3 merfolk simulacra (Shoals:4)
  7 deep troll simulacra (IceCv)
  6 wights
  The ghost of Ychaviel the Trooper, a weakling MiDe (D:5)
  5 killer bees (D:9)
  2 lindwurm simulacra (IceCv)
  An elephant simulacrum (Lair:5)
  A snapping turtle simulacrum (Shoals:4)
  3 howler monkeys (D:9)
  7 electric eels
  A hound (D:7)
  A jelly (shapeshifter) (D:13)
  10 jellies
  Crazy Yiuf (D:2)
  16 orc priests
  2 gnoll boudas (D:8)
  6 iguanas
  3 sleepcaps
  20 orc wizards
  5 hell rats
  2 troll simulacra (Elf:2)
  Robin (D:2)
  7 adders
  19 gnolls
  A naga simulacrum (Elf:2)
  6 river rats
  2 white imps (D:7)
  An ufetubus (D:6)
  2 worms (D:3)
  A dart slug (D:1)
  60 orcs
  4 bats
  5 endoplasms
  3 giant cockroaches
  4 hobgoblins
  8 jackals
  18 kobolds
  4 quokkas
  14 ball pythons
  9 frilled lizards
  13 goblins
  11 rats
2275 creatures vanquished.

Vanquished Creatures (others)
  2 draconian knights
  A frost giant (Depths:3)
  A black draconian (Zot:4)
  A deep elf knight (Elf:2)
  A moth of wrath (Zot:5)
  A vault sentinel (Vaults:3)
  An unseen horror (Depths:3)
  A snapping turtle (Shoals:1)
  A redback (Spider:2)
  A vampire mosquito (Depths:3)
  A hell hound (Elf:2)
  A human (D:6)
  A small abomination (Elf:2)
  An orc wizard (D:7)
  An orc (Orc:2)
16 creatures vanquished.

Grand Total: 2291 creatures vanquished

Notes
Turn   | Place    | Note
-------+----------+-------------------------------------------
     0 | D:1      | arthad the Armataur Fighter began the quest for the Orb.
     0 | D:1      | Reached XP level 1. HP: 19/19 MP: 1/1
    50 | D:1      | You fall into a shaft and drop 1 floor!
   245 | D:1      | Found Qimm's Antique Armour Boutique.
   381 | D:1      | Reached XP level 2. HP: 26/26 MP: 2/2
   769 | D:1      | Reached skill level 4 in Armour
  1107 | D:2      | Reached XP level 3. HP: 33/33 MP: 3/3
  1159 | D:2      | Found a faded altar of an unknown god.
  1498 | D:2      | Found a runed translucent door.
  1499 | D:2      | Noticed Crazy Yiuf
  1722 | D:2      | Noticed Sigmund
  1722 | D:2      | Noticed Robin
  1737 | D:2      | Killed Sigmund
  1738 | D:2      | Reached XP level 4. HP: 39/42 MP: 4/4
  1738 | D:2      | Reached XP level 5. HP: 45/49 MP: 5/5
  1742 | D:2      | Killed Robin
  2114 | D:2      | Killed Crazy Yiuf
  2115 | D:2      | Reached skill level 5 in Armour
  2472 | D:3      | Reached XP level 6. HP: 55/55 MP: 6/6
  2950 | D:4      | Noticed Blork the orc
  2959 | D:4      | Killed Blork the orc
  2960 | D:4      | Reached skill level 5 in Shields
  3079 | D:4      | Reached XP level 7. HP: 64/64 MP: 7/7
  3118 | D:4      | Found a glowing drain.
  3135 | Sewer    | Entered a sewer
  3274 | Sewer    | Reached skill level 6 in Armour
  4480 | D:5      | Entered Level 5 of the Dungeon
  4513 | D:5      | Reached skill level 5 in Fighting
  4513 | D:5      | Reached XP level 8. HP: 72/72 MP: 8/8
  4726 | D:5      | Reached skill level 7 in Armour
  4767 | D:5      | Found a staircase to the Ecumenical Temple.
  4814 | Temple   | Entered the Ecumenical Temple
  5024 | Temple   | Became a worshipper of Warmaster Okawaru
  5183 | D:5      | Found a runed translucent gate.
  5184 | D:5      | Found a runed translucent gate.
  5185 | D:5      | Found a runed translucent gate.
  5186 | D:5      | Noticed Ychaviel's ghost (weakling MiDe)
  5187 | D:5      | Identified the +3 chain mail of Doane {Harm rC+}
  5187 | D:5      | Identified the +6 dagger "Cadekk" {drain, Fragile rC+ Will+
                  | Int+5}
  5187 | D:5      | Identified the +1 ring mail of Xeonk {*Corrode rN+ Int+6}
  5432 | D:5      | Found a glowing silver altar of Zin.
  5498 | D:5      | Reached skill level 5 in Maces & Flails
  5643 | D:5      | Reached skill level 1 in Stealth
  5851 | D:6      | Reached skill level 1 in Evocations
  6074 | D:6      | Found a runed translucent door.
  6178 | D:6      | Found an ancient bone altar of Kikubaaqudgha.
  6197 | D:6      | Reached skill level 1 in Throwing
  6308 | D:6      | Reached skill level 1 in Dodging
  6728 | D:6      | Noticed lonewolfV2's ghost (novice VSFi)
  6966 | D:7      | Reached XP level 9. HP: 74/80 MP: 9/9
  7003 | D:7      | Reached * piety under Okawaru
  7060 | D:7      | Found a shadowy altar of Dithmenos.
  7179 | D:7      | Reached skill level 8 in Armour
  7417 | D:7      | Found a broken altar of Ashenzari.
  7467 | D:7      | Reached ** piety under Okawaru
  8247 | D:7      | Noticed a komodo dragon
  8262 | D:7      | Killed a komodo dragon
  8397 | D:8      | Noticed a two-headed ogre
  8411 | D:7      | Killed a two-headed ogre
  8411 | D:7      | Reached *** piety under Okawaru
  8412 | D:7      | Reached XP level 10. HP: 54/89 MP: 10/10
  8610 | D:8      | Reached skill level 9 in Armour
  8869 | D:8      | Reached **** piety under Okawaru
  9023 | D:8      | Got the Papyrus of Wondrous Power
  9207 | D:8      | Noticed Maggie
  9230 | D:8      | Killed Maggie
  9358 | D:8      | Found a snail-covered altar of Cheibriados.
  9388 | D:8      | Found a hazy altar of Hepliaklqana.
  9389 | D:8      | Found a shimmering altar of Xom.
  9701 | D:8      | Found Enuasumu's Elemental Accessories.
  9735 | D:8      | Found a staircase to the Lair.
 10464 | D:9      | Noticed a two-headed ogre
 10491 | D:9      | Killed a two-headed ogre
 10491 | D:9      | Reached ***** piety under Okawaru
 10492 | D:9      | Reached XP level 11. HP: 39/98 MP: 9/11
 10492 | D:9      | Received a gift from Okawaru
 10853 | D:9      | Noticed Grum
 10873 | D:9      | Killed Grum
 10961 | D:9      | Reached skill level 1 in Invocations
 11201 | D:9      | Found a staircase to the Orcish Mines.
 11452 | D:9      | Reached skill level 10 in Armour
 12153 | D:9      | Found a stormy altar of Qazlal.
 12296 | D:10     | Entered Level 10 of the Dungeon
 12373 | D:10     | Received a gift from Okawaru
 12727 | D:10     | Identified the +0 hand axe of the Crawling Thing {heavy,
                  | rN+ rCorr MP-9 Int+8} (Okawaru gifted it to you on level 10
                  | of the Dungeon)
 12727 | D:10     | Received a gift from Okawaru
 13167 | D:11     | Noticed Lodul
 13178 | D:10     | Killed Lodul
 13179 | D:10     | Reached skill level 5 in Stealth
 13218 | D:11     | Identified the +2 dagger of Zin's Inspiration {freeze, Fly
                  | rPois rC- rN++}
 13279 | D:11     | Noticed a two-headed ogre
 13293 | D:11     | Killed a two-headed ogre
 13559 | D:11     | Noticed a white ugly thing
 13582 | D:11     | Killed a white ugly thing
 14365 | D:12     | Received a gift from Okawaru
 14560 | D:12     | Reached XP level 12. HP: 109/109 MP: 13/13
 14598 | D:12     | Noticed a two-headed ogre
 14613 | D:12     | Killed a two-headed ogre
 14613 | D:12     | Identified the +10 dire flail of the Burning Wolf {speed,
                  | Int+3 Dex+4} (Okawaru gifted it to you on level 12 of the
                  | Dungeon)
 14613 | D:12     | Received a gift from Okawaru
 14614 | D:12     | Reached skill level 10 in Shields
 14660 | D:12     | Reached skill level 11 in Armour
 14672 | D:12     | Noticed a centaur warrior
 14697 | D:12     | Killed a centaur warrior
 14954 | D:12     | Reached skill level 5 in Evocations
 15845 | D:13     | Found an iron altar of Okawaru.
 15881 | D:13     | Noticed Josephine
 15933 | D:13     | Identified the +8 great mace "Degi" {venom, rElec rC- rN++
                  | SInv}
 15933 | D:13     | Noticed an ettin
 15933 | D:13     | Noticed SirTyronus's ghost (journeyman MiBe)
 15933 | D:13     | Noticed a two-headed ogre
 15934 | D:13     | Found a transporter.
 15934 | D:13     | Noticed a two-headed ogre
 15934 | D:13     | Noticed a two-headed ogre
 15935 | D:13     | Noticed a two-headed ogre
 15937 | D:13     | Noticed a two-headed ogre
 15939 | D:13     | Found a transporter.
 15939 | D:13     | Noticed a two-headed ogre
 16106 | D:13     | Noticed a catoblepas
 16123 | D:13     | Killed a catoblepas
 16123 | D:13     | Identified the +1 demon whip of Past Mistakes {heavy, rF-
                  | rN+ Str+4 Int+2} (Okawaru gifted it to you on level 13 of
                  | the Dungeon)
 16123 | D:13     | Received a gift from Okawaru
 16262 | D:13     | Killed Josephine
 16550 | D:14     | Noticed a centaur warrior
 16560 | D:14     | Killed a centaur warrior
 16625 | D:14     | Reached skill level 5 in Throwing
 16809 | D:14     | Found a gate to the Vaults.
 16872 | D:14     | Found a viscous altar of Jiyva.
 16928 | D:14     | Noticed a centaur warrior
 16935 | D:14     | Killed a centaur warrior
 16935 | D:14     | Received a gift from Okawaru
 16936 | D:14     | Reached XP level 13. HP: 90/118 MP: 16/16
 17038 | D:14     | Reached skill level 12 in Armour
 17038 | D:14     | Reached skill level 5 in Invocations
 17865 | D:14     | Identified the +5 war axe "Dragonslayer" {venom, Dex+3}
 17994 | D:15     | Entered Level 15 of the Dungeon
 18176 | D:15     | Noticed a fire dragon
 18239 | D:15     | Reached ****** piety under Okawaru
 18240 | D:15     | Reached skill level 5 in Dodging
 18244 | D:15     | Reached skill level 10 in Fighting
 18250 | D:15     | HP: 4/120 [two-headed ogre/+0 giant club (17)]
 18257 | D:15     | Identified the +9 spear of Okawaru, Hungering {drain, rElec
                  | rPois rC- Stlth+} (Okawaru gifted it to you on level 15 of
                  | the Dungeon)
 18257 | D:15     | Received a gift from Okawaru
 18474 | D:15     | Reached skill level 13 in Armour
 18493 | D:15     | Identified the +3 rapier of the Enemy {holy, rC+}
 18533 | D:15     | Reached skill level 10 in Maces & Flails
 18735 | D:15     | Killed a fire dragon
 18736 | D:15     | Noticed a fire dragon
 18744 | D:15     | Killed a fire dragon
 18748 | D:15     | Found a staircase to the Depths.
 18943 | Lair:1   | Entered Level 1 of the Lair of Beasts
 19070 | Lair:1   | Reached XP level 14. HP: 125/129 MP: 19/19
 19102 | Lair:1   | Found a dark tunnel.
 19146 | Volcano  | Entered a volcano
 19165 | Volcano  | Found a radiant altar of Vehumet.
 19171 | Volcano  | Received a gift from Okawaru
 20003 | Lair:2   | Paralysed by a floating eye for 3 turns
 20104 | Lair:2   | Found a staircase to the Shoals.
 20323 | Lair:2   | Paralysed by a floating eye for 4 turns
 20605 | Lair:2   | Found a hole to the Spider Nest.
 20908 | Lair:3   | Reached skill level 14 in Armour
 20912 | Lair:3   | Found a runed translucent gate.
 20913 | Lair:3   | Found a runed translucent gate.
 20913 | Lair:3   | Found a runed translucent gate.
 20914 | Lair:3   | Noticed Buceliov's ghost (journeyman DsDe)
 21194 | Lair:3   | Noticed Nessos
 21195 | Arena    | Entered the Arena
 21215 | Arena    | Killed Nessos
 21327 | Lair:3   | Noticed Snorg
 21338 | Lair:3   | Killed Snorg
 21776 | Lair:4   | Received a gift from Okawaru
 21959 | Lair:4   | Noticed a quicksilver ooze
 21976 | Lair:4   | Killed a quicksilver ooze
 22548 | Lair:4   | You are sucked into a shaft and drop 1 floor!
 22548 | Lair:5   | Entered Level 5 of the Lair of Beasts
 22573 | Lair:5   | Got Kotah's Anthology of the Unholy Quake
 22789 | Lair:4   | Received a gift from Okawaru
 22814 | Lair:4   | Reached XP level 15. HP: 59/139 MP: 21/21
 22945 | Lair:4   | Received a gift from Okawaru
 23147 | Lair:5   | Identified the +2 rapier of Corporal Punishment {pain,
                  | rC+++ rCorr Dex-5 Stlth-}
 23243 | Lair:5   | Noticed Rupert
 23258 | Lair:5   | Killed Rupert
 23395 | Lair:5   | Noticed Urug
 23395 | Lair:5   | Found a viscous altar of Jiyva.
 23395 | Lair:5   | Found a staircase to the Slime Pits.
 23417 | Lair:5   | Killed Urug
 23511 | Lair:5   | Reached skill level 15 in Armour
 24517 | Lair:5   | Identified the +6 spear of Moral Flaws {spect, rN+}
 24894 | Lair:5   | Received a gift from Okawaru
 24900 | Lair:5   | Identified the amulet of Ricul {rC+ rN+ Regen+ Int+4}
 25131 | Orc:1    | Entered Level 1 of the Orcish Mines
 25150 | Orc:1    | Reached skill level 10 in Invocations
 25491 | Orc:1    | Found a bloodstained altar of Trog.
 25491 | Orc:1    | Found the +8 Wrath of Trog {antimagic, *Rage Rampage}
 25524 | Orc:1    | Found Helaneenna's Armour Boutique.
 25688 | Orc:1    | Found a transporter.
 25894 | Orc:1    | Found a transporter.
 25900 | Orc:1    | Found a runed translucent door.
 25905 | Orc:1    | Noticed a deep elf sorcerer
 25905 | Orc:1    | Noticed a deep elf sorcerer
 25926 | Orc:1    | HP: 3/211 [ettin/+0 dire flail (22)]
 26043 | Orc:1    | Noticed a deep elf sorcerer
 26329 | Orc:1    | Killed a deep elf sorcerer
 26329 | Orc:1    | Received a gift from Okawaru
 26364 | Orc:1    | Reached XP level 16. HP: 148/148 MP: 23/23
 26370 | Orc:1    | Identified the +4 dire flail of Dycoem {heavy, rElec rPois
                  | Str-2 Int+3} (Okawaru gifted it to you on level 1 of the
                  | Orcish Mines)
 26370 | Orc:1    | Received a gift from Okawaru
 26451 | Orc:2    | Entered Level 2 of the Orcish Mines
 26468 | Orc:2    | Found Vuphyisuv's Jewellery Shoppe.
 26573 | Orc:2    | Found a staircase to the Elven Halls.
 26761 | Orc:2    | Found Ewkaejoc's General Store.
 26772 | Orc:2    | Bought 2 potions of curing for 108 gold pieces
 26772 | Orc:2    | Bought a potion of curing for 54 gold pieces
 26919 | Orc:2    | Found Gamo's Antique Armour Boutique.
 27078 | Orc:2    | Found Rihat's Antique Weapon Shop.
 27111 | Orc:2    | Reached skill level 16 in Armour
 27579 | Shoals:1 | Entered Level 1 of the Shoals
 27657 | Shoals:1 | Identified the +0 scale mail "Dij Qaok" {rF+ Stlth+}
                  | (Okawaru gifted it to you on level 1 of the Shoals)
 27657 | Shoals:1 | Received a gift from Okawaru
 27750 | Shoals:1 | Noticed Kirke
 27951 | Arena    | Entered the Arena
 27959 | Arena    | Killed Kirke
 28211 | Shoals:1 | Noticed Louise
 28251 | Shoals:1 | Killed Louise
 28548 | Shoals:1 | Identified the +0 trident of Cobwebs {heavy, rF- Str+6
                  | Int+5}
 30067 | Shoals:3 | Reached XP level 17. HP: 135/160 MP: 25/25
 30131 | Shoals:3 | Found a runed translucent gate.
 30131 | Shoals:3 | Found a runed translucent gate.
 30133 | Shoals:3 | Found a runed translucent gate.
 30133 | Shoals:3 | Found an opulent altar of Gozag.
 30134 | Shoals:3 | Found Joth's Assorted Antiques.
 30134 | Shoals:3 | Noticed thechecker02's ghost (adept GnFi)
 30163 | Shoals:3 | Received a gift from Okawaru
 30675 | Shoals:3 | Found Isossygh's Armour Emporium.
 30903 | Shoals:4 | Entered Level 4 of the Shoals
 30973 | Shoals:4 | Found a runed translucent gate.
 30973 | Shoals:4 | Found a runed translucent gate.
 30973 | Shoals:4 | Found a runed translucent gate.
 30974 | Shoals:4 | Noticed acky5's ghost (adept OpSu)
 31003 | Shoals:4 | Received a gift from Okawaru
 31004 | Shoals:4 | Reached skill level 17 in Armour
 31119 | Shoals:4 | Identified the scarf of Okawaru's Displeasure {harm, Dex+4}
                  | (Okawaru gifted it to you on level 4 of the Shoals)
 31119 | Shoals:4 | Received a gift from Okawaru
 31187 | Shoals:4 | Noticed Ilsuiw
 31210 | Arena    | Entered the Arena
 31229 | Arena    | Killed Ilsuiw
 31673 | Shoals:4 | Identified the +4 short sword "Ripham" {drain, rN+ Str+5
                  | Int-5}
 32373 | Shoals:4 | Got a barnacled rune of Zot
 32791 | D:13     | Killed SirTyronus's ghost
 33036 | Spider:1 | Entered Level 1 of the Spider Nest
 33039 | Spider:1 | Noticed Aizul
 33064 | Arena    | Entered the Arena
 33074 | Arena    | Killed Aizul
 33074 | Arena    | Identified the +0 plate armour of Jybewko {rPois} (Okawaru
                  | gifted it to you in the Arena)
 33074 | Arena    | Received a gift from Okawaru
 33321 | Spider:1 | Found a frozen archway.
 33336 | Spider:1 | Reached skill level 18 in Armour
 33350 | IceCv    | Entered an ice cave
 33587 | IceCv    | Noticed an Ice Fiend
 33615 | IceCv    | Killed an Ice Fiend
 33843 | IceCv    | Reached XP level 18. HP: 161/172 MP: 27/27
 34117 | Spider:1 | Identified the +0 plate armour "Toaritol" {Harm Will+}
 34413 | Spider:1 | Reached skill level 15 in Fighting
 34555 | Spider:2 | Received a gift from Okawaru
 35094 | Spider:2 | Received a gift from Okawaru
 35342 | Spider:3 | Noticed Arachne
 35482 | Spider:2 | Identified the +0 kite shield of Day {Rampage rN+ Will++
                  | Int-3} (Okawaru gifted it to you on level 2 of the Spider
                  | Nest)
 35482 | Spider:2 | Received a gift from Okawaru
 35644 | Spider:3 | Killed Arachne
 35784 | Spider:3 | Reached skill level 19 in Armour
 35970 | Spider:3 | Reached skill level 15 in Maces & Flails
 36033 | Spider:3 | Identified a scroll of acquirement
 36033 | Spider:3 | Acquired 568 gold pieces
 36432 | Spider:4 | Entered Level 4 of the Spider Nest
 37392 | Spider:4 | Gained mutation: Your body sometimes deteriorates upon
                  | taking damage. [mutagenic glow]
 37909 | Spider:4 | Identified the +10 war axe of Fadeh {flame, rCorr Dex+4
                  | SInv} (Okawaru gifted it to you on level 4 of the Spider
                  | Nest)
 37909 | Spider:4 | Received a gift from Okawaru
 37928 | Spider:4 | Reached XP level 19. HP: 102/186 MP: 3/28
 37984 | Spider:4 | Got a gossamer rune of Zot
 38369 | Vaults:1 | Entered Level 1 of the Vaults
 38610 | Vaults:1 | Found a portal to a secret trove of treasure.
 39220 | Vaults:1 | Identified the +2 leather armour of the Shimmering Gods
                  | {Will+ Dex+3 SInv}
 39460 | Vaults:1 | Received a gift from Okawaru
 39605 | Vaults:2 | Reached skill level 20 in Armour
 39906 | Vaults:2 | Received a gift from Okawaru
 39993 | Vaults:2 | Received a gift from Okawaru
 40510 | Vaults:2 | Identified the +9 kite shield of Vanity {Int+3} (Okawaru
                  | gifted it to you on level 2 of the Vaults)
 40510 | Vaults:2 | Received a gift from Okawaru
 41013 | Vaults:2 | Noticed Donald
 41032 | Vaults:2 | Killed Donald
 41202 | Vaults:2 | Found a staircase to the Crypt.
 41731 | Vaults:3 | Reached XP level 20. HP: 194/200 MP: 29/29
 41806 | Vaults:3 | Reached skill level 21 in Armour
 42020 | Vaults:3 | Received a gift from Okawaru
 42315 | Vaults:3 | Reached skill level 10 in Dodging
 43509 | Vaults:4 | Identified the +2 helmet of Uzyed {Int+3} (Okawaru gifted
                  | it to you on level 4 of the Vaults)
 43509 | Vaults:4 | Received a gift from Okawaru
 43860 | Vaults:4 | Reached skill level 1 in Translocations
 43914 | Vaults:4 | Reached skill level 1 in Spellcasting
 44291 | Vaults:4 | Reached skill level 22 in Armour
 45133 | Vaults:4 | Reached XP level 21. HP: 209/209 MP: 30/30
 45201 | Vaults:4 | Identified the +6 chain mail of the Harp {rN+} (Okawaru
                  | gifted it to you on level 4 of the Vaults)
 45201 | Vaults:4 | Received a gift from Okawaru
 45567 | Elf:1    | Entered Level 1 of the Elven Halls
 45571 | Elf:1    | Learned a level 2 spell: Blink
 45575 | Elf:1    | Paralysed by an air elemental for 1 turns
 45577 | Elf:1    | Paralysed by an air elemental for 1 turns
 45609 | Elf:1    | Found a radiant altar of Vehumet.
 46093 | Elf:1    | Found a runed translucent gate.
 46094 | Elf:1    | Found a runed translucent gate.
 46229 | Elf:1    | Found a runed translucent gate.
 46230 | Elf:1    | Noticed turdburglar's ghost (adept DsGl)
 46538 | Elf:1    | Got the Grimoire of the Volley and Summoning
 46996 | Elf:2    | Got the Vellum of Curses
 47099 | Elf:2    | Noticed Azrael
 47131 | Elf:2    | Killed Azrael
 47263 | Elf:2    | Identified the +7 short sword of Tenacity {heavy, Int-5
                  | Dex+4}
 47264 | Elf:2    | Got Sif Muna's Directory of Effluvium
 47481 | Elf:2    | Found a radiant altar of Vehumet.
 47561 | Elf:2    | Got Gloorx Vloq's Directory of Resurrection
 47835 | Elf:2    | Found a runed translucent gate.
 47836 | Elf:2    | Found a runed translucent gate.
 47836 | Elf:2    | Found a runed translucent gate.
 48073 | Elf:2    | Identified the +2 pair of gloves of Context {Str+5}
                  | (Okawaru gifted it to you on level 2 of the Elven Halls)
 48073 | Elf:2    | Received a gift from Okawaru
 48249 | Elf:2    | Got the Folio of Hoarfrost
 48321 | Elf:3    | Entered Level 3 of the Elven Halls
 48720 | Elf:3    | Got the Guide on the Mob
 48741 | Elf:3    | Found a shimmering altar of Xom.
 49207 | Elf:3    | Reached skill level 23 in Armour
 49590 | Elf:3    | Identified the +6 halberd "Irghod" {spect, Drain rElec
                  | rN+++ Dex-3}
 49624 | Elf:3    | Reached XP level 22. HP: 152/221 MP: 31/31
 49624 | Elf:3    | Identified the +4 war axe of Heran {flame, rPois rCorr}
 49931 | Elf:3    | Reached skill level 5 in Translocations
 49938 | Elf:3    | Identified the staff of fire "Wizufed" {rElec rF+ Int+3
                  | Dex+3}
 49939 | Elf:3    | Identified the +0 helmet of Disappointment {rC++ Will+
                  | Regen+ Int-5}
 49963 | Elf:3    | Identified the +3 shortbow "Muiqydir" {flame, rC+ Dex+4}
 49966 | Elf:3    | Identified the +1 crystal plate armour of Joy {Dex+2}
 49967 | Elf:3    | Identified the +2 pair of boots "Iskargh" {Fly MP+9}
 49970 | Elf:3    | Identified the staff of cold "Tyunn" {rPois rF+ rC+}
 49973 | Elf:3    | Identified the staff of conjuration "Zoted" {*Slow Dex+5}
 50284 | D:5      | Killed Ychaviel's ghost
 50395 | D:6      | Killed lonewolfV2's ghost
 50540 | Lair:3   | Killed Buceliov's ghost
 50676 | Shoals:3 | Killed thechecker02's ghost
 50883 | Shoals:4 | Killed acky5's ghost
 51208 | Elf:1    | Killed turdburglar's ghost
 51225 | Elf:1    | Identified the +0 pair of boots of Xom's Anger {Regen+}
 51280 | Elf:1    | Identified the +0 hat "Togeokum" {Will+}
 51396 | Elf:2    | Identified the +1 barding "Tadiobann" {-Tele Str+3 Int+2}
                  | (Okawaru gifted it to you on level 2 of the Elven Halls)
 51396 | Elf:2    | Received a gift from Okawaru
 52067 | Depths:1 | Entered Level 1 of the Depths
 52140 | Depths:1 | Found a gateway to Hell.
 52168 | Depths:1 | Found Alenloen's Armour Emporium.
 52232 | Depths:1 | Found a snail-covered altar of Cheibriados.
 52289 | Depths:1 | Found Xoawuiry's Armour Shoppe.
 52604 | Depths:1 | Found Wegotsy's Weapon Boutique.
 52652 | Depths:1 | Identified the +2 pair of gloves "Ucarphea" {rPois Dex+5}
 52652 | Depths:1 | Noticed Nikola
 52744 | Depths:1 | Killed Nikola
 53062 | Depths:2 | Reached skill level 5 in Spellcasting
 53268 | Depths:2 | Received a gift from Okawaru
 53401 | Depths:2 | Found a one-way gate leading to the halls of Pandemonium.
 53566 | Depths:2 | Received a gift from Okawaru
 53798 | Depths:2 | Found Itzad's Jewellery Emporium.
 53803 | Depths:2 | Bought a +4 ring of slaying for 1092 gold pieces
 54413 | Depths:3 | Received a gift from Okawaru
 54460 | Depths:3 | Found a one-way gate to the infinite horrors of the Abyss.
 54493 | Depths:3 | Reached skill level 24 in Armour
 54556 | Depths:3 | Received a gift from Okawaru
 54557 | Depths:3 | Reached XP level 23. HP: 230/231 MP: 32/32
 54681 | Depths:3 | Found a runed translucent gate.
 54682 | Depths:3 | Found a runed translucent gate.
 54682 | Depths:3 | Found a runed translucent gate.
 54912 | Depths:3 | Received a gift from Okawaru
 55113 | Depths:3 | Identified the +0 hat of Crawling {Str+2 SInv} (Okawaru
                  | gifted it to you on level 3 of the Depths)
 55113 | Depths:3 | Received a gift from Okawaru
 55385 | Depths:3 | Identified the +3 lajatang of Xaeromen {protect, *Slow rC+
                  | Str+4}
 55983 | Depths:4 | Entered Level 4 of the Depths
 56188 | Depths:4 | Noticed the Enchantress
 56208 | Depths:4 | Killed the Enchantress
 56387 | Depths:4 | Found a one-way gateway to a ziggurat.
 56896 | Depths:4 | Received a gift from Okawaru
 57047 | Depths:4 | Found a gate to the Realm of Zot.
 57414 | Depths:4 | Learned a level 3 spell: Gell's Gravitas
 57418 | Depths:4 | Learned a level 3 spell: Teleport Other
 57423 | Depths:4 | Learned a level 4 spell: Manifold Assault
 57769 | Slime:1  | Entered Level 1 of the Pits of Slime
 58125 | Slime:3  | Noticed Dissolution
 58135 | Slime:3  | Killed Dissolution
 58135 | Slime:3  | Received a gift from Okawaru
 58136 | Slime:3  | Reached skill level 25 in Armour
 58136 | Slime:3  | Reached XP level 24. HP: 215/243 MP: 28/33
 58186 | Slime:5  | Entered Level 5 of the Pits of Slime
 58234 | Slime:5  | Identified the +0 robe of Qihurim {+Blink Str-5 Dex+2}
                  | (Okawaru gifted it to you on level 5 of the Pits of Slime)
 58234 | Slime:5  | Received a gift from Okawaru
 58245 | Slime:5  | Gained mutation: Your magical capacity is low. (-10% MP) [a
                  | shining eye]
 58247 | Slime:5  | Gained mutation: You are weak. (Str -2) [a shining eye]
 58248 | Slime:5  | Gained mutation: You do not regenerate when monsters are
                  | visible. [a shining eye]
 58278 | Slime:5  | Noticed the Royal Jelly
 58293 | Slime:4  | Lost mutation: Your body sometimes deteriorates upon taking
                  | damage. [potion of mutation]
 58293 | Slime:4  | Lost mutation: Your magical capacity is low. (-10% MP)
                  | [potion of mutation]
 58293 | Slime:4  | Lost mutation: You are weak. (Str -2) [potion of mutation]
 58293 | Slime:4  | Lost mutation: You do not regenerate when monsters are
                  | visible. [potion of mutation]
 58293 | Slime:4  | Gained mutation: You are somewhat resistant to further
                  | mutation. [potion of mutation]
 58293 | Slime:4  | Gained mutation: You expend magic power (3 MP) to
                  | strengthen your wands. [potion of mutation]
 58329 | Arena    | Entered the Arena
 58337 | Arena    | Killed the Royal Jelly
 58419 | Slime:5  | Got the Catalogue of Fumes
 58445 | Slime:5  | Identified the +5 chain mail of the Jocular Mackerel {rF-
                  | rN+++ Str+3 Stlth+}
 58451 | Slime:5  | Got a slimy rune of Zot
 58470 | Slime:5  | Identified the staff of poison "Gyrano" {rPois Int+4}
 58516 | Slime:5  | Identified the staff of conjuration "Yluploe" {rPois Will-
                  | rCorr Stlth+}
 58704 | Slime:5  | Paralysed by a floating eye for 4 turns
 59370 | Zot:1    | Entered Level 1 of the Realm of Zot
 59490 | Arena    | Entered the Arena
 59582 | Zot:1    | Acquired a manual of Spellcasting
 59824 | Zot:1    | Noticed Parghit
 59841 | Zot:1    | Killed Parghit
 60026 | Zot:1    | Received a gift from Okawaru
 60617 | Zot:2    | Received a gift from Okawaru
 61315 | Zot:1    | Received a gift from Okawaru
 61677 | Zot:3    | Received a gift from Okawaru
 61839 | Zot:3    | Received a gift from Okawaru
 61949 | Zot:3    | Reached XP level 25. HP: 164/253 MP: 34/34
 62066 | Zot:3    | Received a gift from Okawaru
 62117 | Zot:3    | Identified the +0 sling of the Traitor {freeze, rElec Int+3
                  | Stlth+}
 62670 | Zot:4    | Found a transporter.
 63019 | Zot:4    | Received a gift from Okawaru
 63033 | Zot:4    | Reached skill level 26 in Armour
 63484 | Zot:4    | Found a transporter.
 63676 | Zot:4    | Found a transporter.
 63865 | Zot:4    | Found a transporter.
 63985 | Zot:5    | Entered Level 5 of the Realm of Zot
 64290 | Zot:5    | Identified the +2 barding of Agnosticism {Fly rN+ Int+3
                  | Slay-3} (Okawaru gifted it to you on level 5 of the Realm
                  | of Zot)
 64290 | Zot:5    | Received a gift from Okawaru
 64743 | Zot:5    | Noticed an ancient lich
 64759 | Zot:5    | Killed an ancient lich
 64787 | Zot:5    | Noticed an ancient lich
 64787 | Zot:5    | Noticed an ancient lich
 64787 | Zot:5    | Noticed a Killer Klown
 64787 | Zot:5    | Noticed an ancient lich
 64787 | Zot:5    | Noticed a dread lich
 64787 | Zot:5    | Noticed a dread lich
 64808 | Zot:5    | Killed an ancient lich
 64814 | Zot:5    | Killed an ancient lich
 64825 | Zot:5    | Killed an ancient lich
 64836 | Zot:5    | Killed a dread lich
 64857 | Zot:5    | Noticed an orb of fire
 64859 | Zot:5    | Killed a Killer Klown
 64870 | Zot:5    | Killed an orb of fire
 64893 | Zot:5    | Killed a dread lich
 64920 | Zot:5    | Noticed an orb of fire
 64938 | Zot:5    | Killed an orb of fire
 65056 | Zot:5    | Reached skill level 15 in Shields
 65082 | Zot:5    | Received a gift from Okawaru
 65083 | Zot:5    | Reached XP level 26. HP: 225/264 MP: 36/36
 65103 | Zot:5    | Reached skill level 10 in Throwing
 65103 | Zot:5    | Noticed an ancient lich
 65106 | Zot:5    | Noticed a dread lich
 65111 | Zot:5    | Killed an ancient lich
 65111 | Zot:5    | Identified the +1 morningstar "Ogiastro" {venom, rPois
                  | Dex+3} (Okawaru gifted it to you on level 5 of the Realm of
                  | Zot)
 65111 | Zot:5    | Received a gift from Okawaru
 65129 | Zot:5    | Noticed a dread lich
 65132 | Zot:5    | Killed a dread lich
 65172 | Zot:5    | Killed a dread lich
 65570 | Zot:5    | Got the Orb of Zot
 65628 | Zot:5    | Noticed Hios the pandemonium lord
 66104 | D:$      | Escaped with the Orb!

Illustrated notes

Levels and vault maps discovered:
D:1:      matt_arrival_diagonals, layout_basic, serial_co_window_serial,
          co_window_corner_a, co_window_corner_a, co_window_paths_a,
          co_window_paths_b, co_window_paths_b, co_window_corner_b,
          co_window_paths_c, co_window_2corner, co_window_broadway_a,
          co_window_unsneaky_path_b, co_window_paths_d, co_window_4corner_a,
          glass_columns_c, glass_columns_a, glass_columns_c, serial_shops, shop
D:2:      layout_loops_corners, hellmonk_ecumenical_altar_pennies_from_heaven,
          uniq_crazy_yiuf_cottage, uniq_sigmund, uniq_robin
D:3:      layout_basic
D:4:      layout_cave_pools, portal_sewer_entry_a, uniq_blork_the_orc
D:5:      layout_loops_cross, zin_statuary, minmay_temple_entry_junction,
          serial_glass, glass_columns_c, glass_columns_a, glass_columns_b,
          glass_columns_a, biasface_ghost_orc_armoury
D:6:      layout_layer_cave, tgw_kikubaaqudgha, ebering_ghost_sewer_d,
          nicolae_eternal_life
D:7:      minmay_s_stair_smasher, layout_basic, overflow_temple_1_default,
          nicolae_ashenzari_skybound
D:8:      layout_loops_ring, mainiacjoe_overflow_surrounded_room,
          regret_index_temple_of_mockery, minmay_lair_entry_grove,
          chequers_serial_rivers_small_b, nicolae_elemental_shop, uniq_maggie
D:9:      layout_layer_cave, mainiacjoe_overflow_alcove_2, erik_orc_4,
          patterned_corridor, uniq_grum
D:10:     layout_roguey
D:11:     layout_long_grid, chequers_garden, uniq_lodul
D:12:     layout_basic, serial_bayou_pond_a
D:13:     layout_stronghold, gammafunk_ghost_smash, glass_columns_a,
          kennysheep_okawaru_gauntlet, uniq_josephine
D:14:     layout_grid_maze, erik_vaults_1, drop_trap, jiyva_altar_1
D:15:     grunt_enter_depths_hoard, layout_cave_pools, minmay_misc_feat_five
Temple:   eino_temple_water
Lair:1:   layout_chaotic_city, nicolae_volcano_entry_two_sided, st_stairs_3,
          grunt_megastairs_3
Lair:2:   layout_big_grid, minmay_shoals_entry_beasts,
          hellmonk_spider_entry_life_and_decay, disabler_island,
          grunt_megastairs_4
Lair:3:   layout_gridlike, ebering_ghost_rock_garden, cheibrodos_lair_lostbears,
          uniq_nessos, uniq_snorg
Lair:4:   slaughterhouse, layout_concentric_octagons,
          chequers_serial_rivers_small_b, nicolae_lair_time_for_slime
Lair:5:   due_jungle_book, layout_cave_pods, nicolae_slime_entry_slimehenge,
          uniq_rupert, uniq_urug
Shoals:1: layout_shoals, nicolae_shoals_nymph_descending_staircase, uniq_kirke,
          uniq_louise
Shoals:2: layout_shoals, nicolae_shoals_goliath_grotto
Shoals:3: layout_shoals, ebering_ghost_gozag, nicolae_take_the_stairs
Shoals:4: shoals_end_grunt_ice, layout_shoals, shoal_ilsuiw,
          gammafunk_ghost_necromancy
Spider:1: layout_spider_delve, portal_ice_cave_entry_pillars_four,
          einodemon_crawler_minivault, uniq_aizul
Spider:2: layout_spider_delve, drop_trap
Spider:3: layout_spider_delve, uniq_arachne
Spider:4: spider_rune_water
Slime:1:  layout_caves
Slime:2:  layout_caves
Slime:3:  layout_caves, special_room [special_room_jelly], dissolution_awaits
Slime:4:  layout_caves
Slime:5
Orc:1:    emtedronai_trogs_sanctum, layout_caves, serial_shops, shop,
          special_room [special_room_orc]
Orc:2:    grunt_orc_gardens, layout_diamond_mine, grunt_orc_garden,
          grunt_orc_garden, grunt_orc_garden, grunt_orc_garden
Elf:1:    eino_elf_arrival_altar, layout_loops_corners,
          gammafunk_ghost_tricky_traps, minmay_elf_sorcery
Elf:2:    nicolae_elf_blades_crystal_corner, layout_onion_city, basic_altar,
          serial_hangedman_research, hangedman_research_thermodynamics,
          hangedman_research_thanatology, hangedman_research_toxicology,
          hangedman_research_probablistics, hangedman_elf_simple_split,
          uniq_azrael
Elf:3:    elf_hall, layout_geoelf_octagon, serial_corexii_hall,
          chequers_hall_statues_wall_a, corexii_hall_statues_x, basic_altar,
          minmay_elf_demonology
Vaults:1: nicolae_vaults_spaceships, nicolae_vaults_stairing_the_circle,
          nicolae_vaults_theta, v_pattern_3, nicolae_vaults_trapezoid_1,
          nicolae_vaults_cochlea, nicolae_vaults_house_1,
          hangedman_vaults_capsules, nicolae_vaults_variable_pillar_hall,
          layout_vaults_omnicross, enter_trove_1
Vaults:2: nicolae_vaults_angled_halls, ontoclasm_vaults_ring_large, v_pattern_1,
          v_misc_10, hangedman_vaults_maws, nicolae_vaults_sightless_eye,
          nicolae_vaults_variable_pillar_hall, hangedman_vaults_locks,
          vaults_mumra_bighexcomb, vaults_room_corners, vaults_mumra_chevron,
          nicolae_vaults_trapezoid_lopsided_3,
          minmay_crypt_entry_skeletal_spiral, vaults_dpeg_ring,
          hangedman_vaults_impose, vaults_room_door_ring, layout_vaults_omnibox,
          uniq_donald
Vaults:3: ontoclasm_vaults_decontamination, ontoclasm_vaults_gateway,
          nicolae_vaults_six-pack, st_cells, nicolae_vaults_twisting_passages,
          ontoclasm_vaults_ring_small, nicolae_vaults_little_squares_6,
          nicolae_vaults_tetromino_L_2, ontoclasm_vaults_fault,
          layout_vaults_ring
Vaults:4: v_misc_24, nicolae_vaults_apartment_2, v_misc_30,
          nicolae_vaults_yaktaur_gun_rack, nicolae_vaults_closet_pinwheel_3,
          vaults_standard_mumra_enter_the_diamond,
          nicolae_vaults_know_your_exits, nicolae_vaults_heart-shaped_vault,
          v_misc_10, layout_vaults_omnigrid
Depths:1: layout_cross, hangedman_tar_grid_catacomb, serial_shops, shop,
          st_stairs_8, slow_altar_1, minmay_shoptagon, uniq_nikola
Depths:2: nzn_winding_woodlands_cross [nzn_winding_woodlands_5x15_garden,
          nzn_winding_woodlands_5x15_sawtooth,
          nzn_winding_woodlands_5x15_jagged, nzn_winding_woodlands_5x15_pool,
          nzn_winding_woodlands_15x15_boxy_spiral], layout_cave_shapes,
          serial_shops, kennysheep_little_box, pan_entry,
          pf_hell_entry_great_geh, nicolae_figureground_pulse
Depths:3: minmay_nested_s, layout_basic, hell_entry, minmay_room_of_horrors,
          serial_sigils_hangedman_shear, pandoras_box_mu,
          infiniplex_staircase_pool_2
Depths:4: grunt_zot_entry_bicorn, layout_gridlike, enter_ziggurat_e,
          minmay_misc_feat_encased, hell_entry, uniq_enchantress
Zot:1:    layout_misc_corridors, uniq_parghit
Zot:2:    layout_misc_corridors
Zot:3:    layout_misc_corridors, grunt_ministairs_15, nicolae_zot_crop_circle
Zot:4:    layout_concentric_octagons, nicolae_diode_intersection
Zot:5:    layout_gridlike, st_stairs_1

Skill      XL: |  1  2  3  4  5  6  7  8  9 10 11 12 13 14 15 16 17 18 19 20 21 22 23 24 25 26 |
---------------+-------------------------------------------------------------------------------+-----
Maces & Flails | 2 3 4 5 6 7 8 9 10 11 12 13 14 15 16 17 18 19 20 21 | 21.3
Armour         | 4 5 6 7 8 9 10 11 13 14 15 16 18 19 20 22 23 24 25 26 | 26.7
Fighting       | 3 4 5 6 7 8 9 10 11 12 13 14 16 18 19 20 21 22 | 22.4
Shields        | 4 5 6 8 9 10 12 15 16 | 16.0
Stealth        | 1 3 4 5 6 |  6.0
Evocations     | 1 2 3 4 5 6 |  6.0
Throwing       | 1 2 3 4 5 6 7 8 9 10 | 10.0
Dodging        | 1 2 3 4 5 6 7 8 9 10 11 12 | 12.9
Invocations    | 2 4 7 8 10 11 12 13 | 13.7
Translocations | 2 4 6 8 9 |  9.0
Spellcasting   | 1 4 5 6 7 9 |  9.8

Action                     |  1- 3 |  4- 6 |  7- 9 | 10-12 | 13-15 | 16-18 | 19-21 | 22-24 | 25-27 || total
---------------------------+-------+-------+-------+-------+-------+-------+-------+-------+-------++-------
  Melee: Flail             |    91 |    88 |   469 |   125 |       |       |       |       |       ||   773
         Tailslap          |    13 |    14 |    73 |   169 |   247 |   468 |   506 |   499 |   138 ||  2127
         Whip              |       |       |       |   655 |       |       |       |       |       ||   655
         Dire flail        |       |       |       |   170 |  1211 |  2227 |  2198 |  1773 |       ||  7579
         Great mace        |       |       |       |       |       |       |       |    20 |       ||    20
         Eveningstar       |       |       |       |       |       |       |       |   395 |   636 ||  1031
  Throw: Boomerang         |       |     9 |    13 |     1 |     4 |       |     3 |       |       ||    30
         Javelin           |       |     6 |     2 |    10 |    30 |    11 |    30 |   126 |    17 ||   232
         Dart              |       |     2 |    37 |   181 |   104 |   121 |   138 |    15 |    54 ||   652
   Cast: Blink             |       |       |       |       |       |       |       |     2 |     1 ||     3
 Invoke: Heroism           |       |       |     1 |     4 |     5 |     7 |     1 |       |       ||    18
         Duel              |       |       |       |       |     1 |     3 |       |     2 |       ||     6
         Finesse           |       |       |       |       |     1 |     2 |       |     2 |       ||     5
  Evoke: Wand              |       |     4 |    11 |    14 |     9 |    10 |     9 |     3 |     2 ||    62
         Piece from Xom's  |       |       |       |       |     2 |       |       |       |       ||     2
         Phial of floods   |       |       |       |       |       |     1 |     1 |       |       ||     2
    Use: Potion            |     1 |       |     3 |     2 |     8 |    13 |     4 |     9 |       ||    40
         Scroll            |       |     5 |     1 |    12 |    13 |    18 |     5 |     2 |     5 ||    61
   Stab: Paralysed         |       |       |     6 |     6 |       |       |       |       |       ||    12
         Sleeping          |       |       |       |     2 |     2 |       |       |       |       ||     4
         Distracted        |       |       |       |       |       |     1 |     1 |       |       ||     2
         Confused          |       |       |       |       |       |       |       |       |     1 ||     1
 Armour: Scale mail        |    51 |    51 |   367 |    76 |       |       |       |       |       ||   545
         Swamp dragon scal |       |       |       |   398 |   106 |       |       |       |       ||   504
         Gold dragon scale |       |       |       |       |   514 |  1791 |  1162 |  1282 |   326 ||  5075
         Skin              |       |       |       |       |    34 |       |       |       |       ||    34
         Fire dragon scale |       |       |       |       |    27 |       |       |       |       ||    27
  Dodge: Dodged            |    26 |    12 |   133 |   242 |   198 |   417 |   340 |   558 |   161 ||  2087
  Block: Buckler           |    13 |    14 |   105 |   180 |       |       |       |       |       ||   312
         Kite shield       |       |       |       |       |       |       |       |   302 |   451 ||   753
